 Dungeon Crawl Stone Soup version 0.31.0-12-g77e489cdc1 (webtiles) character file.

Game seed: 4315910598263158070

139 nightchill the Chopper (level 5, -1/47 HPs)
             Began as a Minotaur Fighter on Feb 12, 2024.
             Slain by Pikel
             ... wielding a +2 whip of freezing
              (3 damage)
             ... on level 4 of the Dungeon.
             The game lasted 00:03:12 (2300 turns).

nightchill the Chopper (Minotaur Fighter)           Turns: 2300, Time: 00:03:12

Health: -1/47      AC: 11    Str: 23    XL:     5   Next: 1%
Magic:  4/4        EV:  8    Int:  5    God:
Gold:   165        SH:  4    Dex:  9    Spells: 4/4 levels left

rFire   . . .        a - +0 war axe
rCold   . . .        c - +0 buckler
rNeg    . . .        l - +0 chain mail
rPois   .            (helmet restricted)
rElec   .            (no cloak)
rCorr   +            p - +0 pair of gloves
SInv    .            q - +0 pair of boots
Will    +....        (no amulet) Stlth
                     g - ring of flight
HPRegen 0.27/turn    m - ring of resist corrosion
MPRegen 0.09/turn

%: no passive effects
@: mighty, enlightened, flying
A: horns 2, retaliatory headbutt
a: no special abilities


You were on level 4 of the Dungeon.
You visited 1 branch of the dungeon, and saw 4 of its levels.

You collected 165 gold pieces.

Inventory:

Hand Weapons
 a - a +0 war axe (weapon)
Armour
 c - a +0 buckler (worn)
 l - a +0 chain mail (worn)
 p - a +0 pair of gloves (worn)
 q - a +0 pair of boots (worn)
Jewellery
 g - a ring of flight (left hand)
 m - a ring of resist corrosion (right hand)
Scrolls
 e - a scroll of noise {unknown}
 f - a scroll of identify {unknown}
 k - 2 scrolls of enchant weapon {unknown}
 n - a scroll of blinking {unknown}
 o - a scroll of summoning {unknown}
 r - a scroll of teleportation {unknown}
Potions
 b - a potion of curing {unknown}
 h - a potion of brilliance {unknown}
 i - a potion of lignification {unknown}
 j - a potion of enlightenment


   Skills:
 + Level 4.9 Fighting
 * Level 5.3 Axes
 - Level 3.6 Armour
 - Level 3.6 Shields


You had 4 spell levels left.
You didn't know any spells.
Your spell library contained the following spells:

 Spells                   Type           Power      Damage    Failure   Level
 Dazzling Flash           Conj/Hex       0%         N/A       100%        3
 Volatile Blastmotes      Fire/Tloc      0%         2d10      100%        3
 Starburst                Conj/Fire      0%         6d3       100%        6
 Maxwell's Capacitive Co  Air            0%         ∞         100%        8


Dungeon Overview and Level Annotations

Branches:
Dungeon (4/15)
 Temple: D:4-7

Altars:

Annotations:
D:4 Pikel


Innate Abilities, Weirdness & Mutations

You have a pair of horns on your head.
You reflexively headbutt those who attack you in melee.


Message History

Pikel freezes you.
Pikel hits you with a +2 whip of freezing.
Pikel freezes you.
You miss Pikel.
Pikel hits you with a +2 whip of freezing.
* * * LOW HITPOINT WARNING * * *
Pikel freezes you.
* * * LOW HITPOINT WARNING * * *
You slice Pikel!!
Pikel is heavily wounded.
You block Pikel's attack.
You barely miss Pikel.
Pikel is heavily wounded.
Pikel hits you with a +2 whip of freezing.
* * * LOW HITPOINT WARNING * * *
Pikel freezes you.
* * * LOW HITPOINT WARNING * * *
You closely miss Pikel.
Pikel is heavily wounded.
Pikel hits you but does no damage.
Pikel hits you with a +2 whip of freezing!
* * * LOW HITPOINT WARNING * * *
Pikel freezes you.
* * * LOW HITPOINT WARNING * * *
You closely miss Pikel. Your headbutt misses Pikel.
Pikel is heavily wounded.
Pikel hits you with a +2 whip of freezing.
* * * LOW HITPOINT WARNING * * *
Pikel freezes you.
* * * LOW HITPOINT WARNING * * *
You closely miss Pikel.
Pikel is heavily wounded.
Pikel barely misses you.
Okay, then.
It was a potion of enlightenment.
You feel more buoyant.
Pikel says, "You'll feel the lick of my whip!"
Pikel hits you with a +2 whip of freezing.
You die...
Pikel says, "Another soul for the market."

#......##.#
..o....#(.......
###.##.#.######.
# #.#.# #.#.##
...##..).#
#.......##
#.#####.# #@#
#K## #55#
##5.+##+.
#?......#
#5K....#######
####.### #. #


You could see Pikel and 3 lemures.

Vanquished Creatures
  An orc priest (D:3)
  3 adders
  A dart slug (D:1)
  2 ribbon worms
  4 orcs
  8 endoplasms
  4 giant cockroaches
  6 hobgoblins
  5 jackals
  3 kobolds
  7 quokkas
  5 ball pythons (D:1)
  4 bats
  A frilled lizard (D:2)
  7 goblins
  4 rats
65 creatures vanquished.

Notes
Turn   | Place    | Note
-------+----------+-------------------------------------------
     0 | D:1      | nightchill the Minotaur Fighter began the quest for the
                  | Orb.
     0 | D:1      | Reached XP level 1. HP: 19/19 MP: 0/0
   125 | D:1      | Reached skill level 3 in Axes
   127 | D:1      | Reached XP level 2. HP: 27/27 MP: 1/1
   373 | D:1      | Reached XP level 3. HP: 33/33 MP: 2/2
   738 | D:2      | Reached skill level 4 in Axes
  1037 | D:2      | Reached XP level 4. HP: 40/41 MP: 3/3
  1848 | D:3      | Reached skill level 5 in Axes
  2261 | D:4      | Reached XP level 5. HP: 47/47 MP: 4/4
  2279 | D:4      | Noticed a lemure
  2280 | D:4      | Noticed Pikel
  2280 | D:4      | Noticed a lemure
  2280 | D:4      | Noticed a lemure
  2298 | D:4      | HP: 2/47 [Pikel/+2 whip of freezing (1)]
  2300 | D:4      | Slain by Pikel

Illustrated notes

Levels and vault maps discovered:
D:1:      minmay_arrival_nine_rooms, layout_basic, minmay_pentomino_t4
D:2:      layout_basic
D:3:      layout_rooms
D:4:      layout_loops_cross, gup_sewer_entry_bowl, uniq_pikel

Skill      XL: |  1  2  3  4 |
---------------+-------------+-----
Axes           | 3 4 5 |  5.3
Fighting       | 4 |  4.9
Armour         | |  3.6
Shields        | |  3.6

Action                     |  1- 3 |  4- 6 || total
---------------------------+-------+-------++-------
  Melee: War axe           |    65 |    76 ||   141
         Headbutt          |     7 |     7 ||    14
    Use: Potion            |       |     2 ||     2
 Armour: Scale mail        |    26 |       ||    26
         Chain mail        |    10 |    58 ||    68
  Dodge: Dodged            |    40 |    28 ||    68
  Block: Buckler           |     6 |    10 ||    16
